Map: Pylon LE

Players

Szepi

  • Race: Terran Terran
  • League: Gold
  • Spawn Location: 5:00

Sindyr - Winner!

  • Race: Terran Terran
  • League: Master
  • Spawn Location: 11:00

VOD

Have the link to the VOD?

Description

Time

  • Played on: Oct. 13, 2025, 10:39 a.m.
  • Length: 20:18
Show
View Real Time Build Order
Export as new Build Order

Szepi Terran 

Build Orders:  

Get SALT Encoding   

  12  0:00  SCV  
  13  0:14  Supply Depot  
  13  0:17  SCV  
  14  0:31  SCV  
  15  0:38  Barracks  
  15  0:43  Refinery  
  15  0:46  SCV  
  16  0:59  SCV  
  18  1:11  SCV, Barracks  
  18  1:23  SCV  
  18  1:25  Supply Depot  
  19  1:32  Reaper  
  20  1:35  SCV  
  21  1:44  Refinery  
  21  1:47  SCV  
  21  1:52  Bunker  
  22  1:59  SCV  
  23  2:04  Engineering Bay  
  23  2:19  Factory, Barracks Tech Lab  
  22  3:27  Barracks Reactor  
  22  3:29  Factory Tech Lab  
  22  3:35  Terran Infantry Weapons Level 1  
  22  3:37  Marauder  
  22  3:38  Concussive Shells  
  22  3:40  Orbital Command  
  24  3:47  Command Center  
  24  3:51  Starport  
  24  3:52  Cyclone  
  27  4:10  Marine x2  
  29  4:28  Marine x2  
  29  4:29  Mag-Field Accelerator  
  29  4:31  Supply Depot  
  31  4:33  Supply Depot  
  34  4:52  Siege Tank  
  34  4:53  Marine x2  
  34  4:55  Marauder  
  34  4:58  Supply Depot  
  38  5:15  Bunker  
  38  5:17  SCV  
  38  5:30  SCV  
  38  5:42  SCV  
  39  5:52  Marine x2  
  39  5:53  Marauder  
  43  6:01  Liberator  
  43  6:03  SCV  
  47  6:10  Marine x2, Missile Turret  
  49  6:13  SCV  
  49  6:14  Marauder  
  52  6:22  Terran Infantry Armor Level 1  
  52  6:25  SCV  
  53  6:27  Combat Shield  
  53  6:37  SCV  
  54  6:49  SCV  
  55  7:37  Starport Tech Lab  
  55  7:44  Starport  
  46  8:12  Refinery  
  46  8:13  SCV  
  47  8:25  SCV  
  48  8:35  Starport Tech Lab  
  48  8:38  Fusion Core  
  48  8:40  Hi-Sec Auto Tracking  
  48  8:41  Marine x2  
  50  8:42  Marauder  
  50  8:43  Medivac  
  54  8:54  Refinery  
  54  8:58  Marine  
  54  8:59  Marine, Bunker  
  54  9:00  Banshee  
  59  9:06  Missile Turret  
  59  9:15  Missile Turret  
  59  9:19  Missile Turret  
  56  9:34  Viking  
  58  9:39  Cyclone  
  58  9:44  Weapon Refit  
  61  9:46  Battlecruiser  
  67  9:55  SCV  
  68  10:04  Viking  
  70  10:17  Command Center  
  70  10:25  Stimpack  
  70  10:28  Missile Turret  
  70  10:29  Missile Turret  
  70  10:44  Supply Depot  
  70  10:46  Supply Depot  
  70  11:05  Viking, SCV  
  73  11:35  Viking  
  72  11:50  Marine x2  
  74  12:05  Viking  
  74  12:07  Marine  
  74  12:08  Marine  
  78  12:10  Battlecruiser  
  78  12:14  Supply Depot  
  83  12:35  Viking  
  81  12:51  Marine  
  81  12:52  Marine  
  81  12:53  Marauder  
  85  13:05  Viking  
  87  13:06  SCV  
  87  13:09  Marine x2  
  90  13:15  Marauder, Missile Turret  
  90  13:18  SCV  
  93  13:30  SCV  
  94  13:35  Viking  
  94  13:36  Starport  
  94  13:37  Starport  
  94  13:39  Battlecruiser  
  102  13:42  SCV  
  102  13:43  Neosteel Armor  
  103  13:54  Armory  
  103  13:56  Cyclone  
  103  13:58  Armory  
  106  14:05  Viking  
  106  14:07  Missile Turret  
  106  14:08  SCV  
  109  14:10  Refinery  
  109  14:27  Supply Depot  
  109  14:30  Supply Depot  
  109  14:32  Starport Tech Lab x2  
  109  14:40  Supply Depot  
  109  14:48  Viking  
  109  14:49  SCV  
  109  14:52  Terran Ship Weapons Level 1, Terran Vehicle And Ship Armor Level 1  
  112  15:13  Refinery  
  112  15:14  Bunker  
  112  15:28  Thor  
  118  15:33  Battlecruiser x2  
  130  15:39  Supply Depot  
  130  15:41  Battlecruiser  
  133  16:01  Battlecruiser  
  139  16:11  Missile Turret  
  139  16:12  SCV  
  139  16:17  Supply Depot  
  140  16:28  Supply Depot  
  140  16:38  Thor  
  146  16:50  Battlecruiser  
  146  16:52  Terran Ship Weapons Level 2  
  152  16:58  Missile Turret  
  152  17:00  Supply Depot  
  152  17:22  Battlecruiser x2  
  100  18:41  Marine x2  
  65  19:16  Banshee x2  
Show
View Real Time Build Order
Export as new Build Order

Sindyr Terran - Winner!

Build Orders:  

Get SALT Encoding   

  12  0:01  SCV  
  13  0:13  SCV  
  14  0:18  Supply Depot  
  14  0:25  SCV  
  15  0:39  SCV  
  15  0:41  Barracks  
  16  0:49  Refinery  
  16  0:51  SCV  
  17  1:03  SCV  
  18  1:15  SCV  
  19  1:30  Barracks Tech Lab  
  19  1:37  Command Center, SCV  
  20  1:47  Supply Depot  
  20  1:54  Orbital Command  
  20  2:05  Factory  
  20  2:23  SCV  
  20  2:26  Refinery  
  21  2:35  SCV  
  22  2:43  Reaper  
  22  2:47  SCV  
  23  3:00  SCV  
  24  3:07  SCV  
  23  3:15  Reaper  
  23  3:19  SCV  
  24  3:29  Factory Reactor  
  24  3:31  Starport  
  25  3:36  Orbital Command  
  25  3:39  SCV  
  25  3:51  SCV  
  25  3:54  Barracks  
  26  3:55  Barracks  
  26  3:57  Barracks  
  26  4:03  SCV  
  26  4:04  SCV  
  28  4:15  SCV  
  28  4:16  SCV  
  30  4:17  Barracks  
  30  4:21  Factory Tech Lab  
  30  4:22  Refinery  
  30  4:27  SCV  
  30  4:28  SCV  
  30  4:30  Medivac  
  34  4:31  Medivac  
  36  4:39  SCV  
  36  4:40  SCV  
  38  4:45  Barracks Reactor, Barracks Tech Lab  
  38  4:46  Barracks Reactor  
  38  4:52  SCV x2, Marine  
  41  5:00  Engineering Bay  
  41  5:04  SCV  
  41  5:05  SCV, Engineering Bay  
  43  5:09  Marine  
  44  5:16  SCV  
  44  5:17  SCV  
  46  5:26  Marine  
  46  5:27  Marine x2  
  46  5:29  Marine x2  
  46  5:31  Marine  
  46  5:32  SCV  
  46  5:39  Marine  
  46  5:40  Supply Depot  
  47  5:43  Marine  
  47  5:44  SCV, Marine x2  
  47  5:47  Marine x2  
  47  5:48  Orbital Command  
  47  5:49  Marine  
  54  6:00  Supply Depot  
  54  6:02  Supply Depot  
  54  6:05  Marine  
  55  6:13  Marine x6  
  61  6:22  Siege Tank, Marine  
  65  6:28  Medivac  
  65  6:29  Medivac  
  65  6:31  Marine x2  
  71  6:33  Terran Infantry Weapons Level 1  
  71  6:37  Orbital Command  
  71  6:38  Stimpack  
  71  7:32  Barracks Reactor  
  71  7:34  Marine x3, Marauder x2  
  78  7:44  Orbital Command  
  78  7:51  Marine  
  78  7:53  Marine  
  78  7:56  Marauder  
  77  8:21  Refinery  
  77  8:23  Refinery  
  77  8:34  Marine x2  
  77  8:37  Marine, Command Center  
  78  8:47  Marine, Viking  
  78  8:48  Viking, Marauder x2  
  87  9:04  Command Center  
  87  9:08  Missile Turret  
  84  9:40  Medivac  
  84  9:41  Medivac  
  88  9:49  Terran Infantry Armor Level 1  
  88  9:52  Armory  
  88  10:07  Command Center  
  88  10:10  Medivac  
  88  10:11  Medivac, SCV  
  88  10:13  Orbital Command  
  93  10:18  Unknown  
  93  10:23  SCV  
  94  10:35  SCV  
  95  10:40  Medivac  
  95  10:42  Missile Turret  
  97  10:46  Sensor Tower  
  97  10:47  SCV, Missile Turret  
  98  10:50  Sensor Tower  
  98  10:52  Marine x8  
  98  10:56  Terran Infantry Weapons Level 2  
  106  10:59  SCV  
  106  11:10  Marine x2, SCV  
  109  11:31  Missile Turret  
  109  11:35  Missile Turret  
  109  11:46  Terran Infantry Armor Level 2  
  109  11:48  Sensor Tower  
  109  11:51  Terran Ship Weapons Level 1  
  109  11:57  Marine x4  
  109  11:58  SCV x2, Marine, Marauder  
  118  12:10  SCV x2  
  118  12:12  Starport  
  118  12:13  Starport  
  118  12:14  Starport  
  120  12:22  SCV x2  
  121  12:43  SCV  
  122  12:49  Supply Depot  
  122  12:52  Supply Depot x2  
  122  12:53  Supply Depot  
  122  12:54  Starport Tech Lab x2  
  122  12:55  Supply Depot, SCV  
  123  13:00  Starport Tech Lab  
  123  13:07  SCV  
  124  13:17  Terran Infantry Weapons Level 3  
  125  13:20  SCV  
  125  13:28  Fusion Core  
  125  13:29  Armory  
  125  13:32  SCV  
  126  13:42  Factory  
  126  13:44  SCV  
  127  13:51  Fusion Core  
  127  13:56  SCV  
  128  14:07  Terran Infantry Armor Level 3  
  128  14:08  Terran Ship Weapons Level 2, SCV  
  129  14:18  Terran Vehicle And Ship Armor Level 1  
  129  14:20  SCV, Weapon Refit, Command Center  
  130  14:32  SCV, Battlecruiser x2  
  130  14:33  Battlecruiser  
  130  14:35  Medivac x2  
  153  14:44  SCV  
  154  14:45  Starport  
  154  14:47  Starport x2  
  154  14:54  Sensor Tower  
  154  15:18  Supply Depot x2  
  154  15:20  Refinery, Supply Depot  
  154  15:22  Refinery  
  154  15:40  Supply Depot  
  153  15:52  Starport Tech Lab  
  153  15:53  Starport Tech Lab x2  
  153  16:08  Refinery  
  153  16:10  Orbital Command  
  153  16:15  Refinery  
  153  16:25  Battlecruiser x5  
  183  16:26  Battlecruiser  
  189  16:54  Terran Vehicle And Ship Armor Level 2, Terran Ship Weapons Level 3  
  189  17:16  Starport x2  
  189  17:17  Starport  
  189  17:19  Missile Turret x2  
  189  17:20  Command Center  
  189  17:23  Missile Turret  
  189  17:26  Missile Turret  
  189  17:33  Battlecruiser  
  176  18:30  Fusion Core  
  110  19:10  Fusion Core  
  110  19:12  Fusion Core  
  110  19:14  Starport Tech Lab x2  
  110  19:20  Starport Tech Lab  
Tags
 
Matchup
TvT
Race
Terran
Replay Pack
Multiplayer
Spawn Locations
Cross Positions
Add a new tag
Caveats
  • Supply blocks, unpowered buildings, or Contaminate may cause inaccurate times.
  • Supply counts are checked every 10 seconds.